 Dungeon Crawl Stone Soup version 0.28.0-45-g0d030f2227 (webtiles) character file.

Game seed: 3724028971557971638

2137 Desmondeus the Carver (level 9, -12/79 HPs)
             Began as a Minotaur Monk on Apr 8, 2022.
             Was a Believer of Ru.
             Mangled by a two-headed ogre
             ... wielding a +0 giant club
              (16 damage)
             ... on level 4 of the Dungeon.
             The game lasted 00:30:12 (7598 turns).

Desmondeus the Carver (Minotaur Monk)               Turns: 7598, Time: 00:30:15

Health: -12/79     AC:  8    Str: 22    XL:     9   Next: 9%
Magic:  8/8        EV: 14    Int:  7    God:    Ru [**....]
Gold:   254        SH:  0    Dex: 17    Spells: 8/8 levels left

rFire   . . .      SeeInvis .   a - +0 falchion (flame)
rCold   . . .      Faith    .   (no shield)
rNeg    . . .      Spirit   .   p - +0 ring mail
rPois   .          Reflect  .   (helmet restricted)
rElec   .          Harm     .   f - +1 cloak
rCorr   .          Rampage  .   (no gloves)
Will    .....                   (no boots)
Stlth   ..........              (no amulet)
HPRegen 0.23/turn               b - +6 ring of strength
MPRegen 0.11/turn               (no ring)

@: unable to read
A: horns 2, inability to read while threatened, no stealth, retaliatory headbutt
a: Renounce Religion


You were on level 4 of the Dungeon.
You worshipped Ru.
Ru was pleased with you.
You visited 1 branch of the dungeon, and saw 6 of its levels.
You also visited: Sewer.

You collected 254 gold pieces.

Inventory:

Hand Weapons
 a - a +0 falchion of flaming (weapon)
Missiles
 k - 2 silver javelins (quivered)
 l - 4 poisoned darts
Armour
 f - a +1 cloak (worn)
 j - a +0 chain mail
 p - a +0 ring mail (worn)
 r - a scarf of shadows
Jewellery
 b - a +6 ring of strength (left hand)
 m - a +6 ring of intelligence
Wands
 e - a wand of flame (24)
Scrolls
 c - a scroll of immolation
 s - 2 scrolls of fog {unknown}
 u - a scroll of teleportation
 z - 2 scrolls of identify {unknown}
 A - a scroll of magic mapping
Potions
 d - 4 potions of curing {unknown}
 g - a potion of magic {unknown}
 h - a potion of haste {unknown}
 i - 2 potions of attraction {unknown}
 n - 3 potions of degeneration {unknown}
 o - 2 potions of heal wounds {unknown}
 q - a potion of ambrosia {unknown}
 t - 2 potions of mutation {unknown}
 w - a potion of might {unknown}


   Skills:
 + Level 7.3 Fighting
 + Level 10.1 Long Blades
 + Level 0.2 Throwing
 + Level 6.3 Armour
 + Level 6.2 Dodging


You had 8 spell levels left.
You didn't know any spells.
Your spell library contained the following spells:

 Spells                   Type           Power      Damage    Failure   Level
 Shock                    Conj/Air       0%         1d3       56%         1
 Ozocubu's Armour         Ice            0%         N/A       91%         3
 Swiftness                Air            0%         N/A       91%         3
 Airstrike                Air            0%         N/A       100%        4
 Metabolic Englaciation   Hex/Ice        0%         N/A       100%        5
 Simulacrum               Ice/Necr       0%         N/A       100%        6
 Chain Lightning          Conj/Air       0%         N/A       100%        9
 Fire Storm               Conj/Fire      0%         5d1       100%        9
 Shatter                  Erth           0%         3d5*      100%        9


Dungeon Overview and Level Annotations

Branches:
Dungeon (6/15)             Temple (0/1) D:5           Sewer (visited)

Altars:
Kikubaaqudgha
Okawaru
Ru
Xom
Zin

Shops:
D:1 :([


Innate Abilities, Weirdness & Mutations

You have a pair of horns on your head.
You sometimes lose the ability to read scrolls when taking damage.
You cannot be stealthy.
You reflexively headbutt those who attack you in melee.


Message History

There is an open door here.
There is an open door here.
You open the door.
There is an open door here.
As you open the door, it creaks loudly!
There is an open door here.
You open the door.
There is an open door here.
You open the door.
A two-headed ogre, a scorpion and a ball python come into view.
The two-headed ogre shouts in stereo!
The ball python hisses angrily.
Found 12 gold pieces.
The two-headed ogre hits you with a +0 giant club.
The two-headed ogre closely misses you.
There is an open door here.
You completely miss the scorpion. The scorpion misses you.
You hit the scorpion. You burn the scorpion.
The scorpion is moderately wounded.
The two-headed ogre hits you with a +0 giant club!!
The two-headed ogre hits you with a +0 giant spiked club!
You feel threatened and lose the ability to read scrolls!
The scorpion barely misses you. You furiously retaliate!
You headbutt the scorpion.
You hit the two-headed ogre but do no damage.
The two-headed ogre barely misses you. You furiously retaliate!
You headbutt the two-headed ogre!
The two-headed ogre hits you with a +0 giant spiked club!!
* * * LOW HITPOINT WARNING * * *
The scorpion stings you but does no damage.
You slash the two-headed ogre! You burn the two-headed ogre.
The two-headed ogre is moderately wounded.
The scorpion stings you.
* * * LOW HITPOINT WARNING * * *
You slash the two-headed ogre! You burn the two-headed ogre.
You headbutt the two-headed ogre!
The two-headed ogre is severely wounded.
The two-headed ogre hits you with a +0 giant club!
* * * LOW HITPOINT WARNING * * *
The two-headed ogre hits you with a +0 giant spiked club!
You die...

#.# #+#.#####.#+#...#'#.###...
#.#####.#.+...+.#.......#.'..###
#.......###...#####...######## #
#######.#.......#.+...'....# #
#.#'#...#+#.#####.#..# #
#...#...#.....#...#..# #
######'##S..$.+.###..# #
#..#sO...## #..# # ##.#@# #..# #
#...# #..# ### #.###
#.#####..###.. #.#
.............# #.# ######......#
#.. #......####.# ### ...######
#.# #.# #..


You could see a two-headed ogre, a scorpion and a ball python.

Vanquished Creatures
  Grinder (D:5)
  Sigmund (D:5)
  Eustachio (D:5)
  A water moccasin (D:5)
  3 black bears
  A necrophage (D:4)
  An ogre (D:5)
  2 phantoms
  2 kobold brigands (Sewer)
  A bullfrog (D:5)
  A water moccasin skeleton (D:5)
  A vampire bat (D:3)
  A bullfrog zombie (D:3)
  Crazy Yiuf (D:3)
  A centaur skeleton (D:4)
  An orc priest (D:4)
  3 bullfrog skeletons
  A hound (D:5)
  Jessica (D:3)
  Terence (D:2)
  An iguana (D:3)
  A scorpion zombie (D:5)
  A killer bee zombie (D:5)
  A gnoll (D:1)
  13 adders
  5 river rats
  An ufetubus (D:4)
  3 worms (D:5)
  3 dart slugs
  13 orcs
  12 bats
  11 endoplasms
  4 giant cockroaches
  7 hobgoblins
  7 jackals
  3 quokkas
  3 ball pythons (Sewer)
  11 frilled lizards
  18 kobolds
  8 rats
152 creatures vanquished.

Vanquished Creatures (others)
  18 plants (Sewer)
18 creatures vanquished.

Grand Total: 170 creatures vanquished

Notes
Turn   | Place    | Note
-------+----------+-------------------------------------------
     0 | D:1      | Desmondeus the Minotaur Monk began the quest for the Orb.
     0 | D:1      | Reached XP level 1. HP: 19/19 MP: 0/0
   211 | D:1      | Found Faettuogg's Weapon Boutique.
   260 | D:1      | Found Bumicrin's Armour Shop.
   282 | D:1      | Reached skill level 4 in Long Blades
   282 | D:1      | Reached XP level 2. HP: 14/27 MP: 1/1
   838 | D:1      | Reached XP level 3. HP: 30/33 MP: 2/2
   930 | D:1      | Found a faded altar of an unknown god.
   944 | D:1      | Prayed at the altar of an unknown god.
   944 | D:1      | Became a worshipper of Ru the Awakened
   947 | D:1      | Gained mutation: You cannot be stealthy. [Ru sacrifice]
  1027 | D:1      | Found Heavy's Book Boutique.
  1243 | D:2      | Found an iron altar of Okawaru.
  1554 | D:2      | Noticed Terence
  1561 | D:2      | Killed Terence
  1562 | D:2      | Reached XP level 4. HP: 24/41 MP: 3/3
  2197 | D:3      | Reached skill level 5 in Long Blades
  2329 | D:3      | Found a glowing silver altar of Zin.
  2537 | D:3      | Reached XP level 5. HP: 42/47 MP: 4/4
  2568 | D:3      | Noticed Jessica
  2576 | D:3      | Killed Jessica
  2849 | D:3      | Reached skill level 6 in Long Blades
  2850 | D:3      | Reached skill level 1 in Armour
  2883 | D:3      | Found a runed translucent door.
  2884 | D:3      | Noticed Crazy Yiuf
  3018 | D:3      | Reached skill level 5 in Fighting
  3130 | D:3      | Reached XP level 6. HP: 53/56 MP: 5/5
  3284 | D:3      | Killed Crazy Yiuf
  3519 | D:4      | Found an ancient bone altar of Kikubaaqudgha.
  3768 | D:4      | Reached skill level 7 in Long Blades
  3770 | D:4      | Gained mutation: You sometimes lose the ability to read
                  | scrolls when taking damage. [Ru sacrifice]
  3770 | D:4      | Reached * piety under Ru
  3770 | D:4      | Reached ** piety under Ru
  3788 | D:4      | You fall into a shaft and drop 1 floor!
  3788 | D:5      | Entered Level 5 of the Dungeon
  3866 | D:5      | Reached XP level 7. HP: 59/61 MP: 6/6
  4144 | D:5      | Found a glowing drain.
  4151 | Sewer    | Entered a sewer
  4535 | Sewer    | Reached skill level 8 in Long Blades
  5467 | D:5      | Reached XP level 8. HP: 54/70 MP: 7/7
  5562 | D:5      | Reached skill level 5 in Armour
  5582 | D:5      | Reached skill level 5 in Dodging
  5773 | D:5      | Noticed Eustachio
  5802 | D:5      | Killed Eustachio
  5803 | D:5      | Reached skill level 9 in Long Blades
  6174 | D:5      | Noticed Grinder
  6185 | D:5      | Paralysed by Grinder for 5 turns
  6197 | D:5      | Killed Grinder
  6431 | D:5      | Found a staircase to the Ecumenical Temple.
  6431 | D:5      | Noticed Sigmund
  6447 | D:5      | Killed Sigmund
  6890 | D:4      | Reached skill level 10 in Long Blades
  6902 | D:4      | Reached XP level 9. HP: 79/79 MP: 8/8
  7121 | D:4      | Found a shimmering altar of Xom.
  7592 | D:4      | Noticed a two-headed ogre
  7598 | D:4      | Mangled by a two-headed ogre

Illustrated notes

Levels and vault maps discovered:
D:1:      erik_arrival_orb_chamber, layout_loops_ring,
          shapermc_ecumenical_altar_mp_ritualfount, serial_shops,
          nicolae_square_shop, nicolae_shop_hallway_stairs, nicolae_shop_stone
D:2:      layout_basic, basic_altar, serial_park_tiny_2,
          minmay_misc_feat_ornament, uniq_terence
D:3:      layout_basic, mainiacjoe_overflow_concentric_impassable,
          roderic_batcave, grunt_ministairs_4, uniq_jessica,
          uniq_crazy_yiuf_cottage
D:4:      nicolae_cairo_tiling_large, layout_loops_ring,
          nicolae_overflow_hidden_temple, overflow_temple_1_default
D:5:      layout_loops_cross, minmay_temple_entry_fiery,
          gup_sewer_entry_bubbles, uniq_sigmund, uniq_eustachio, uniq_grinder
D:6:      layout_cave_pools, chequers_serial_rivers_room_a

Skill      XL: |  1  2  3  4  5  6  7  8 |
---------------+-------------------------+-----
Long Blades    | 4 5 6 7 8 10 | 10.1
Fighting       | 4 5 6 7 |  7.3
Stealth        | 0 |  0.0
Dodging        | 4 6 |  6.2
Armour         | 1 3 4 6 |  6.3
Throwing       | |  0.2

Action                   |  1- 3 |  4- 6 |  7- 9 || total
-------------------------+-------+-------+-------++-------
Melee: Falchion          |    68 |   158 |   363 ||   589
       Headbutt          |     7 |    28 |    65 ||   100
       Punch             |     1 |     1 |     4 ||     6
Throw: Javelin           |     2 |       |       ||     2
Invok: Sacrifice Stealth |     1 |       |       ||     1
       Sacrifice Words   |       |     1 |       ||     1
  Use: Scroll            |       |       |     7 ||     7
 Stab: Sleeping          |     3 |       |       ||     3
       Invisible         |       |       |     1 ||     1
Armor: Robe              |    14 |     1 |       ||    15
       Chain mail        |       |    88 |       ||    88
       Ring mail         |       |    18 |   102 ||   120
Dodge: Dodged            |    45 |    86 |   185 ||   316
